 Dungeon Crawl Stone Soup version 0.31-a0-521-gc7390f8997 (webtiles) character file.

Game seed: 8386378439333363538

53458 Newt the Stickfighter (level 14, -19/115 HPs)
             Began as a Grey Draconian Shapeshifter on Aug 9, 2023.
             Was the Champion of Makhleb.
             Demolished by a bunyip (shapeshifter) (20 damage)
             ... on level 5 of the Lair of Beasts on Aug 10, 2023.
             The game lasted 00:23:25 (20046 turns).

Newt the Stickfighter (DrSh)                       Turns: 20046, Time: 00:23:26

Health: -19/115    AC: 13    Str: 22    XL:     14   Next: 30%
Magic:  33/33      EV: 16    Int:  9    God:    Makhleb [******]
Gold:   1198       SH:  0    Dex: 12    Spells: 13/13 levels left

rFire   . . .        k - +4 lajatang (heavy)
rCold   . . .        (shield currently unavailable)
rNeg    . . .        (body armour unavailable)
rPois   +            (helmet currently unavailable)
rElec   +            (cloak currently unavailable)
rCorr   .            (gloves currently unavailable)
SInv    .            (boots currently unavailable)
Will    ++...        h - amulet "Fyss" {Faith rElec rPois Will+}
Stlth   +            y - +4 ring of slaying
HPRegen 0.39/turn    o - ring of magical power
MPRegen 0.23/turn

%: faith
@: beast-form
A: beast (slay +4), AC +13, amphibious, unfitting armour, cold-blooded
a: Begin Untransformation, Renounce Religion, Minor Destruction, Lesser Servant
of Makhleb, Major Destruction, Greater Servant of Makhleb


You were on level 5 of the Lair of Beasts.
You worshipped Makhleb.
Makhleb was exalted by your worship.
You were a hulking beast.
You visited 3 branches of the dungeon, and saw 18 of its levels.
You also visited: Sewer and Bailey.

You collected 2384 gold pieces.
You spent 1186 gold pieces at shops.

Inventory:

Hand Weapons
 e - a +0 spear
 k - a +4 heavy lajatang (weapon)
Missiles
 G - a throwing net
Armour
 u - a +0 cloak
 w - a +0 hat
 I - a +1 kite shield of poison resistance
Jewellery
 g - a +6 ring of intelligence
 h - the amulet "Fyss" (around neck) {Faith rElec rPois Will+}
   (You acquired it on level 2 of the Dungeon)

   [amulet of faith]

   Faith:     It allows you to gain divine favour quickly.
   rElec:     It insulates you from electricity.
   rPois:     It protects you from poison Will+: It increases your willpower.
 o - a ring of magical power (right hand)
 v - a ring of protection from fire
 y - a +4 ring of slaying (left hand)
 A - a ring of see invisible
 T - the ring of Pouddas {Fire Will++ Int-3}
   (You found it on level 2 of the Lair of Beasts)

   [ring of fire]

   Fire:      It enhances your fire magic.
   Int-3:     It affects your intelligence (-3).
   rF+:       It protects you from fire.
   rC-:       It makes you vulnerable to cold.
   Will++:    It greatly increases your willpower.
Talismans
 b - a beast talisman (active)
 c - a flux talisman
 P - a storm talisman
Wands
 f - a wand of flame (12)
 m - a wand of paralysis (23)
 p - a wand of roots (19)
 C - a wand of polymorph (15)
 K - a wand of mindburst (7)
 X - a wand of quicksilver (6)
Scrolls
 d - 8 scrolls of teleportation
 i - 7 scrolls of noise
 s - 4 scrolls of amnesia
 z - 4 scrolls of fog
 B - 2 scrolls of immolation
 E - a scroll of silence
 H - a scroll of butterflies
 J - 5 scrolls of revelation
 O - a scroll of enchant armour
 R - 2 scrolls of blinking
Potions
 a - a potion of lignification
 j - 5 potions of ambrosia
 l - 2 potions of mutation
 n - 3 potions of degeneration
 q - a potion of resistance
 t - 8 potions of curing
 D - a potion of brilliance
 F - 2 potions of magic
 M - 3 potions of berserk rage
 N - 2 potions of enlightenment
 S - a potion of attraction
 U - a potion of might
 V - a potion of invisibility
Miscellaneous
 r - a sack of spiders
 x - a phial of floods


   Skills:
 - Level 8.0 Fighting
 - Level 15.0 Staves
 - Level 10.0 Dodging
 - Level 3.0 Unarmed Combat
 + Level 13.3 Invocations
 - Level 9.0 Evocations
 - Level 6.0 Shapeshifting


You had 13 spell levels left.
You didn't know any spells.
Your spell library contained the following spells:

 Spells                   Type           Power      Damage    Failure   Level
 Magic Dart               Conj           0%         1d3       38%         1
 Call Imp                 Summ           0%         N/A       52%         2
 Dazzling Flash           Conj/Hex       0%         N/A       77%         3
 Inner Flame              Hex/Fire       0%         N/A       77%         3
 Mephitic Cloud           Conj/Pois/Air  0%         N/A       77%         3
 Ozocubu's Armour         Ice            0%         N/A       77%         3
 Cause Fear               Hex            0%         N/A       99%         4
 Flame Wave               Conj/Fire      0%         2d4       99%         4
 Sticky Flame             Conj/Fire      0%         2d3       99%         4
 Agony                    Necr           0%         N/A       100%        5
 Fireball                 Conj/Fire      0%         3d3       100%        5
 Metabolic Englaciation   Hex/Ice        0%         N/A       100%        5
 Silence                  Hex/Air        0%         N/A       100%        5
 Summon Forest            Summ/Tloc      0%         N/A       100%        5
 Summon Mana Viper        Hex/Summ       0%         N/A       100%        5
 Simulacrum               Ice/Necr       0%         N/A       100%        6
 Summon Cactus Giant      Summ           0%         N/A       100%        6
 Dragon's Call            Summ           0%         N/A       100%        9


Dungeon Overview and Level Annotations

Branches:
Dungeon (12/15)            Temple (1/1) D:5            Lair (5/5) D:8
  Swamp (0/4) Lair:2        Snake (0/4) Lair:3        Slime (0/5) Lair:5
    Orc (0/2) D:11          Sewer (visited)          Bailey (visited)

Altars:
Ashenzari
Cheibriados
Dithmenos
Elyvilon
Fedhas
Gozag
Hepliaklqana
Kikubaaqudgha
Makhleb
Nemelex Xobeh
Okawaru
Qazlal
Ru
Sif Muna
Trog
Uskayaw
Vehumet
Wu Jian
Xom
Yredelemnul
Zin
The Shining One
Jiyva

Shops:
D:4 **!??   D:12 :


Innate Abilities, Weirdness & Mutations

You are a hulking beast.
Your limbs bulge with bestial killing power. (Slay +4)
Your dull iron-grey scales are very hard. (AC +13)
You are amphibious.
You cannot fit into any form of body armour.
You are cold-blooded and may be slowed by cold attacks.


Message History

Your hellwing completely misses the small abomination.
You open the small abomination like a pillowcase!!!
You destroy the small abomination!
Makhleb accepts your kill.
You feel better.
You start resting.
Your hellwing disappears in a puff of smoke!
A bunyip comes into view.
A bunyip is nearby!
A bunyip is nearby!
You hit the bunyip but do no damage. The bunyip misses you.
The bunyip claws you!
* * * LOW HITPOINT WARNING * * *
The bunyip claws you!
* * * LOW HITPOINT WARNING * * *
A small abomination comes into view.
You slash the bunyip! You tail-slap the bunyip.
The bunyip is lightly wounded.
Unknown command.
Unknown command.
You barely miss the bunyip.
The bunyip is lightly wounded.
Unknown command.
Unknown command.
You closely miss the bunyip. You tail-slap the bunyip!
The bunyip is moderately wounded.
The bunyip closely misses you. The bunyip barely misses you.
The bunyip claws you!!
* * * LOW HITPOINT WARNING * * *
Unknown command.
Blink to where?
Press: ? - help, Dir - move target
As you read the scroll of blinking, it crumbles to dust.
Activating: Lesser Servant of Makhleb (0% risk of hostile)
Press: ? - help, Q - select action, (/) - cycle Dir - look around, f - activate A demon appears!
The bunyip claws you.
* * * LOW HITPOINT WARNING * * *
The bunyip claws you!!
You die...

..........###(.####.....♣
..........###..........♣♣
♣.....##..##...........♣ ♣♣♣
..♣...####.........#...♣ ♣.♣♣
....♣.# ##.............♣♣♣..♣♣♣♣♣
.P.♣♣.###..............♣♣......♣♣
...♣..#................♣♣.....♣♣♣
...♣...........3[..#...♣♣..♣..♣♣.
................hx.........♣♣♣♣♣.
......#...........P..♣...♣..♣♣♣..
.......#............#♣♣.♣♣♣.♣♣...
......####..........♣ ♣♣♣ ♣.♣...♣
....P## #..........# ♣....♣♣
...♣♣# ###.......## ♣...♣♣ ....♣#
#......## ♣..♣♣ P.♣♣.# ##P...###
♣..♣♣♣♣ ...♣## ##P....# ♣.....♣


You could see a bunyip (ally target) and a friendly smoke demon (summoned).

Vanquished Creatures
  The ghost of Ofeo the Fighter, a journeyman DsSh of Gozag (Lair:2)
  An eleionoma (Lair:2)
  A hydra (Lair:1)
  A centaur warrior (D:9)
  Fannar (Lair:1)
  3 two-headed ogres
  A spriggan (Lair:5)
  A skyshark (Lair:2)
  5 skeletal warriors (D:12)
  A deep troll (D:12)
  2 lindwurms (Lair:5)
  An orc knight (Bailey)
  3 ugly things
  A salamander (Lair:3)
  A cyclops (D:12)
  9 elephants
  7 black mambas
  Joseph (D:7)
  11 cane toads
  A smoke demon (Lair:5)
  Maggie (D:7)
  4 rime drakes
  2 unseen horrors (D:12)
  7 komodo dragons
  A merfolk (D:10)
  3 polar bears
  The ghost of wormstring the Scratcher, a novice FeSh (D:5)
  2 trolls (D:11)
  2 raiju (Lair:5)
  2 hornets
  18 blink frogs
  5 dream sheep (Lair:5)
  A shadow (D:11)
  3 wraiths
  A vampire (D:12)
  51 yaks
  2 ynoxinuls (Lair:5)
  4 water elementals (D:10)
  3 wyverns
  A steam dragon (D:7)
  4 basilisks
  Grum (D:8)
  7 vampire mosquitoes (D:12)
  Menkaure (D:7)
  3 nagas (Lair:3)
  3 acid dragons
  10 water moccasins
  7 orc warriors
  2 sky beasts
  2 ice beasts
  An ogre (D:5)
  2 black bears
  A black mamba simulacrum (Lair:2)
  15 wolves
  4 centaurs
  3 kobold brigands
  12 bullfrogs
  3 gnoll sergeants
  3 scorpions
  24 wights
  4 small abominations (Lair:5)
  10 killer bees
  2 howler monkeys
  2 electric eels
  A centaur zombie (D:5)
  5 orc priests
  3 jellies
  Crazy Yiuf (D:4)
  A bullfrog skeleton (D:5)
  2 gnoll boudas (D:6)
  2 hounds
  4 iguanas
  2 sleepcaps
  Ijyb (D:4)
  14 orc wizards
  5 hell rats (Lair:2)
  6 adders
  A howler monkey zombie (D:5)
  24 gnolls
  3 river rats (Sewer)
  A shadow imp (D:7)
  A white imp (D:6)
  A worm (D:3)
  2 dart slugs
  50 orcs
  7 endoplasms
  8 giant cockroaches
  11 goblins
  11 hobgoblins
  3 quokkas
  9 ball pythons
  15 bats
  8 frilled lizards
  21 kobolds
  9 rats
525 creatures vanquished.

Vanquished Creatures (collateral kills)
  An elephant (Lair:5)
  2 rime drakes (Lair:2)
  A blink frog (Lair:5)
  A cane toad simulacrum (Lair:2)
  A small abomination (Lair:5)
  2 water moccasin simulacra (Lair:2)
  A yak simulacrum (Lair:2)
9 creatures vanquished.

Vanquished Creatures (others)
  A shadow (D:10)
  An orc (D:8)
2 creatures vanquished.

Grand Total: 536 creatures vanquished

Notes
Turn   | Place    | Note
-------+----------+-------------------------------------------
     0 | D:1      | Newt the Draconian Shapeshifter began the quest for the
                  | Orb.
     0 | D:1      | Reached XP level 1. HP: 16/16 MP: 1/1
   106 | D:1      | Reached XP level 2. HP: 17/25 MP: 2/2
   416 | D:1      | Reached XP level 3. HP: 27/31 MP: 3/3
   980 | D:2      | Identified a scroll of acquirement
   980 | D:2      | Acquired the amulet "Fyss" {Faith rElec rPois Will+}
  1529 | D:3      | Reached XP level 4. HP: 36/38 MP: 4/4
  1696 | D:3      | Acquired a +1 lajatang of speed
  2431 | D:4      | Found Xitsaz's Magic Scroll Shop.
  2431 | D:4      | Found Ojaukli's Magic Scroll Shoppe.
  2440 | D:4      | Noticed Ijyb
  2448 | D:4      | Reached XP level 5. HP: 37/45 MP: 5/5
  2675 | D:3      | Reached skill level 5 in Shapeshifting
  2846 | D:4      | Killed Ijyb
  2949 | D:4      | Bought a scroll of enchant weapon for 75 gold pieces
  2974 | D:4      | Found Egi Fod's Distillery.
  3009 | D:4      | Found a runed translucent door.
  3010 | D:4      | Noticed Crazy Yiuf
  3094 | D:4      | Reached XP level 6. HP: 29/51 MP: 6/6
  3190 | D:4      | Found Diedweq's General Store.
  3308 | D:4      | Found Kuawoarr's Assorted Antiques.
  3458 | D:4      | Killed Crazy Yiuf
  3551 | D:5      | Entered Level 5 of the Dungeon
  3764 | D:5      | Reached skill level 1 in Staves
  3818 | D:5      | Found a runed translucent gate.
  3818 | D:5      | Found a runed translucent gate.
  3818 | D:5      | Found a runed translucent gate.
  3840 | D:5      | Found a staircase to the Ecumenical Temple.
  3875 | D:5      | Found a glowing drain.
  3880 | Sewer    | Entered a sewer
  3907 | Sewer    | Reached skill level 2 in Staves
  4215 | D:5      | Reached skill level 3 in Staves
  4215 | D:5      | Your scales start taking on a dull iron-grey colour.
  4215 | D:5      | Reached XP level 7. HP: 57/57 MP: 7/7
  4298 | D:5      | Reached skill level 4 in Staves
  4348 | D:5      | Found an ancient bone altar of Kikubaaqudgha.
  4503 | D:5      | Noticed wormstring's ghost (novice FeSh)
  4788 | Temple   | Entered the Ecumenical Temple
  4797 | Temple   | Became a worshipper of Makhleb the Destroyer
  4853 | D:5      | Killed wormstring's ghost
  4854 | D:5      | Reached skill level 5 in Staves
  4865 | D:5      | Reached skill level 6 in Staves
  4970 | D:6      | Reached XP level 8. HP: 66/66 MP: 8/8
  5062 | D:6      | Reached skill level 5 in Fighting
  5281 | D:6      | Reached skill level 7 in Staves
  5532 | D:6      | Reached skill level 8 in Staves
  5645 | D:6      | Reached * piety under Makhleb
  6131 | D:6      | Reached XP level 9. HP: 59/74 MP: 9/9
  6137 | D:6      | Reached skill level 9 in Staves
  6387 | D:7      | Noticed Maggie
  6417 | D:7      | Killed Maggie
  6837 | D:7      | Identified the +0 scale mail "Ofeisch" {rPois rN+}
  6844 | D:7      | Reached ** piety under Makhleb
  6862 | D:7      | Reached skill level 5 in Dodging
  6874 | D:7      | Upgraded the game from 0.31-a0-507-gbafd7f5274 to
                  | 0.31-a0-521-gc7390f8997
  7117 | D:7      | Noticed Joseph
  7128 | D:7      | Killed Joseph
  7180 | D:7      | Noticed Menkaure
  7186 | D:7      | Killed Menkaure
  7187 | D:7      | Reached XP level 10. HP: 49/88 MP: 10/10
  7584 | D:8      | Found a sparkling altar of Nemelex Xobeh.
  7679 | D:8      | Reached *** piety under Makhleb
  7922 | D:8      | Found a staircase to the Lair.
  8075 | D:8      | Noticed Grum
  8085 | D:8      | Killed Grum
  8086 | D:8      | Reached skill level 10 in Staves
  8358 | D:9      | Noticed a two-headed ogre
  8364 | D:9      | Killed a two-headed ogre
  8365 | D:9      | Reached skill level 11 in Staves
  8416 | D:9      | Found a shimmering altar of Xom.
  8465 | D:9      | Reached skill level 12 in Staves
  8628 | D:9      | Noticed a two-headed ogre
  8643 | D:9      | Killed a two-headed ogre
  8643 | D:9      | Reached **** piety under Makhleb
  8644 | D:9      | Reached XP level 11. HP: 94/94 MP: 11/11
  8787 | D:9      | Noticed a centaur warrior
  8801 | D:9      | Killed a centaur warrior
  8802 | D:9      | Reached skill level 13 in Staves
  8802 | D:9      | Reached skill level 1 in Invocations
  9137 | D:9      | Found a white marble altar of Elyvilon.
  9140 | D:9      | Found a broken altar of Ashenzari.
  9146 | D:9      | Found a bloodstained altar of Trog.
  9146 | D:9      | Found a snail-covered altar of Cheibriados.
  9406 | D:10     | Entered Level 10 of the Dungeon
  9474 | D:10     | Reached skill level 5 in Invocations
  9571 | D:10     | Found a flagged portal.
  9610 | Bailey   | Entered a bailey
  9688 | Bailey   | Reached ***** piety under Makhleb
  9764 | Bailey   | Noticed an orc knight
  9788 | Bailey   | Killed an orc knight
 10154 | D:10     | Found a hide-covered altar of Uskayaw.
 10601 | D:11     | Found a staircase to the Orcish Mines.
 10649 | D:11     | Noticed a two-headed ogre
 10657 | D:11     | Killed a two-headed ogre
 10658 | D:11     | Reached skill level 1 in Evocations
 11086 | D:11     | Reached XP level 12. HP: 96/101 MP: 18/18
 11112 | D:11     | Reached skill level 5 in Evocations
 11822 | D:12     | Found Seegetet's Book Boutique.
 12521 | Lair:1   | Entered Level 1 of the Lair of Beasts
 12540 | Lair:1   | Noticed Fannar
 12552 | Lair:1   | Killed Fannar
 12553 | Lair:1   | Reached skill level 14 in Staves
 12890 | Lair:1   | Reached ****** piety under Makhleb
 13097 | Lair:1   | Reached XP level 13. HP: 50/107 MP: 19/19
 13344 | Lair:1   | Reached skill level 15 in Staves
 14026 | Lair:2   | Found a staircase to the Swamp.
 14026 | Lair:2   | Noticed an eleionoma
 14034 | Lair:2   | Killed an eleionoma
 14108 | Lair:2   | Found a runed translucent gate.
 14108 | Lair:2   | Found a runed translucent gate.
 14108 | Lair:2   | Found a runed translucent gate.
 14605 | Lair:2   | Noticed Ofeo's ghost (journeyman DsSh)
 15176 | Lair:2   | Killed Ofeo's ghost
 15341 | Lair:2   | Got the ring of Pouddas {Fire Will++ Int-3}
 15917 | Lair:3   | Found a staircase to the Snake Pit.
 17028 | Lair:4   | Reached skill level 10 in Dodging
 17427 | Lair:4   | Reached skill level 10 in Invocations
 17847 | Lair:5   | Entered Level 5 of the Lair of Beasts
 18247 | Lair:5   | Reached XP level 14. HP: 73/115 MP: 22/22
 18506 | D:4      | Bought a scroll of acquirement for 988 gold pieces
 18506 | D:4      | Acquired 1120 gold pieces
 18571 | D:4      | Bought a scroll of brand weapon for 123 gold pieces
 19332 | Lair:5   | Found a staircase to the Slime Pits.
 19337 | Lair:5   | Found a viscous altar of Jiyva.
 20028 | Lair:5   | HP: 4/115 [bunyip (shapeshifter) (18)]
 20046 | Lair:5   | HP: 1/115 [bunyip (shapeshifter) (6)]
 20046 | Lair:5   | Demolished by a bunyip (shapeshifter)

Illustrated notes

Levels and vault maps discovered:
D:1:      arrival_zaba_pyramid, layout_basic
D:2:      layout_loops_cross
D:3:      layout_basic
D:4:      layout_rooms, serial_shops, shop, nicolae_shop_hallway_plus,
          nicolae_shop_crystal, shop_scrolls, shop, minmay_checkerbox,
          uniq_ijyb, uniq_crazy_yiuf_cottage
D:5:      layout_basic, marbit_many_paths, minmay_temple_entry_poolview,
          gammafunk_ghost_necromancy, portal_sewer_entry_e
D:6:      layout_basic
D:7:      layout_basic, grunt_decor_clamped, uniq_joseph, uniq_menkaure,
          uniq_maggie
D:8:      layout_cave_pools, nemelex_spade_bored_becter, lair_entry_dummy,
          uniq_grum
D:9:      layout_loops_cross, mainiacjoe_overflow_boulevard, minitemple
D:10:     layout_basic, kennysheep_mini, enter_bailey_5,
          minmay_tree_intersection, nicolae_rank_and_phial
D:11:     layout_irregular_city, david_orc_2
D:12:     dreamdust_cave_troll, layout_basic, serial_shops,
          nicolae_shop_just_a_little_nook, chequers_serial_rivers_small_3
Temple:   nicolae_temple_two_arcs
Lair:1:   layout_cave_shapes, serial_forest, infiniplex_forest_clump_long,
          infiniplex_forest_end_2, infiniplex_forest_clump_diagonal,
          infiniplex_forest_straight_5, infiniplex_forest_clump_tiny,
          infiniplex_forest_straight_3, infiniplex_forest_clump_small,
          infiniplex_forest_straight_2, infiniplex_forest_clump_long,
          minmay_shattered_shrine, uniq_fannar
Lair:2:   layout_gridlike, alex1729_swamp_entry_worm_eleionoma,
          gammafunk_ghost_icy
Lair:3:   layout_layer_cave, alex1729_snake_entry_snake, serial_bayou_shore_a,
          grunt_megastairs_5
Lair:4:   layout_gridlike, infiniplex_staircase_pool_2
Lair:5:   hellmonk_lair_end_abyssal_woods, layout_cave_pods, slime_entry_1,
          serial_bayou_lagoon_a, nicolae_quartered_pool_impasse,
          grunt_forest_large_clearings

Skill      XL: |  1  2  3  4  5  6  7  8  9 10 11 12 13 14 |
---------------+-------------------------------------------+-----
Fighting       | 2 3 5 7 8 |  8.0
Shapeshifting  | 4 5 6 |  6.0
Staves         | 3 6 8 9 12 13 14 15 | 15.0
Dodging        | 6 10 | 10.0
Invocations    | 9 11 13 | 13.3
Evocations     | 4 9 |  9.0
Unarmed Combat | |  3.0

Action                     |  1- 3 |  4- 6 |  7- 9 | 10-12 | 13-15 || total
---------------------------+-------+-------+-------+-------+-------++-------
  Melee: Spear             |   126 |     1 |       |       |       ||   127
         Unarmed           |     2 |       |       |       |       ||     2
         Tailslap          |     3 |    18 |    19 |    98 |    78 ||   216
         Punch             |     1 |       |       |       |       ||     1
         Lajatang          |       |   178 |   194 |   644 |   437 ||  1453
 Invoke: Lesser Servant of |       |       |       |       |    12 ||    12
  Evoke: Wand              |       |       |       |       |     1 ||     1
    Use: Scroll            |     4 |    10 |     4 |     7 |    14 ||    39
         Potion            |       |     1 |     2 |     2 |     1 ||     6
   Stab: Sleeping          |     6 |     1 |       |       |       ||     7
         Distracted        |       |       |       |       |     1 ||     1
 Armour: Skin              |    29 |    46 |    57 |   150 |   123 ||   405
  Dodge: Dodged            |    63 |   109 |   110 |   333 |   236 ||   851

Table legend: (Time is in decaauts)
 A = Elapsed time spent in this place.
 B = Non-inter-level travel time spent in this place.
 C = Inter-level travel time spent in this place.
 D = Time resting spent in this place.
 E = Time spent auto-exploring this place.
 F = Levels seen in this place.
 G = Mean time per level.
                   A        B        C        D        E       F      G
               +--------+--------+--------+--------+--------+-----+--------+
         Total |  19527 |  18481 |   1046 |   3363 |  12448 |  20 |  976.3 |
       Dungeon |  11647 |  10921 |    726 |   1595 |   7626 |  12 |  970.6 |
        Temple |     18 |      1 |     17 |      0 |      0 |   1 |   18.0 |
          Lair |   7048 |   6746 |    302 |   1581 |   4411 |   5 | 1409.6 |
         Sewer |    349 |    349 |      0 |      0 |    249 |   1 |  349.0 |
        Bailey |    463 |    463 |      0 |    187 |    161 |   1 |  463.0 |
               +--------+--------+--------+--------+--------+-----+--------+

Top non-repeatable levels by time:
  Lair:5: 1732 daAuts
  Lair:3: 1569 daAuts
     D:6: 1435 daAuts
  Lair:1: 1415 daAuts
  Lair:2: 1394 daAuts
     D:3: 1213 daAuts
     D:7: 1125 daAuts
    D:12: 1079 daAuts
     D:4: 1039 daAuts
     D:9: 1025 daAuts
     D:5: 947 daAuts
  Lair:4: 935 daAuts
     D:8: 897 daAuts
     D:1: 873 daAuts
    D:11: 711 daAuts
